 Dungeon Crawl Stone Soup version 0.27-a0-1105-g946c659c87 (webtiles) character file.

Game seed: 15891135707133710216

4 flotson the Covert (level 1, -2/23 HPs)
             Began as a Gnoll Delver on Apr 29, 2021.
             Slain by a wyvern skeleton (6 damage)
             ... on level 5 of the Dungeon.
             The game lasted 00:00:33 (173 turns).

flotson the Covert (Gnoll Delver)                    Turns: 173, Time: 00:00:34

Health: -2/23      AC:  3    Str: 11    XL:     1   Next: 60%
Magic:  1/1        EV: 13    Int:  9    God:
Gold:   0          SH:  0    Dex: 13    Spells: 0/0 levels left

rFire    . . .     SeeInvis .   a - +0 spear
rCold    . . .     Faith    .   (no shield)
rNeg     . . .     Spirit   .   b - +0 leather armour
rPois    .         Reflect  .   (no helmet)
rElec    .         Harm     .   (no cloak)
rCorr    .         Rampage  .   (no gloves)
Will     .....                  (no boots)
Stlth    ++++......             (no amulet)
HPRegen  0.07/turn              (no ring)
MPRegen  0.07/turn              (no ring)

@: no status effects
A: fangs 1, strong nose, distributed training
a: no special abilities


You were on level 5 of the Dungeon.
You visited 1 branch of the dungeon, and saw 1 of its levels.

Inventory:

Hand Weapons
 a - a +0 spear (weapon)
Missiles
 h - 2 boomerangs (quivered)
Armour
 b - a +0 leather armour (worn)
Wands
 g - a wand of digging (3)
Scrolls
 c - a scroll of fog
 d - a scroll of magic mapping
Potions
 f - a potion of haste


   Skills:
 + Level 6.4 Fighting
 + Level 0.1 Short Blades
 + Level 0.1 Long Blades
 + Level 0.1 Axes
 + Level 0.1 Maces & Flails
 + Level 4.4 Polearms
 + Level 0.1 Staves
 + Level 0.1 Slings
 + Level 0.1 Bows
 + Level 0.1 Crossbows
 + Level 0.1 Throwing
 + Level 0.1 Armour
 + Level 4.4 Dodging
 + Level 9.5 Stealth
 + Level 0.1 Shields
 + Level 0.1 Unarmed Combat
 + Level 0.1 Spellcasting
 + Level 0.1 Conjurations
 + Level 0.1 Hexes
 + Level 0.1 Summonings
 + Level 0.1 Necromancy
 + Level 0.1 Translocations
 + Level 0.1 Transmutations
 + Level 0.1 Fire Magic
 + Level 0.1 Ice Magic
 + Level 0.1 Air Magic
 + Level 0.1 Earth Magic
 + Level 0.1 Poison Magic
 + Level 0.2 Invocations
 + Level 0.1 Evocations


You couldn't memorise any spells.
You didn't know any spells.
Your spell library was empty.

Dungeon Overview and Level Annotations

Branches:
Dungeon (5/15)
 Temple: D:4-7

Altars:


Innate Abilities, Weirdness & Mutations

You have very sharp teeth.
Your uncanny sense of smell can sniff out nearby items.
Your experience applies equally to all skills.


Message History

Unknown command.
a - a +0 spear (weapon)
You hit the shadow imp but do no damage.
The shadow imp closely misses you.
You hit the shadow imp but do no damage.
The shadow imp hits you.
You barely miss the shadow imp.
The shadow imp disappears for a moment.
The shadow imp hits you but does no damage.
You closely miss the shadow imp.
A wyvern skeleton comes into view.
The shadow imp misses you.
You hit the shadow imp but do no damage.
The shadow imp misses you.
You hit the shadow imp.
The shadow imp is lightly wounded.
You hit the shadow imp.
The shadow imp is heavily wounded.
The shadow imp hits you.
You barely miss the shadow imp.
The shadow imp is heavily wounded.
The shadow imp barely misses you.
You hit the shadow imp.
The shadow imp is almost dead.
The shadow imp barely misses you.
You hit the shadow imp but do no damage.
The shadow imp is almost dead.
The shadow imp hits you.
You closely miss the shadow imp.
The shadow imp is almost dead.
The wyvern skeleton closely misses you. The shadow imp gestures at you.
Pain shoots through your body!
* * * LOW HITPOINT WARNING * * *
The wyvern skeleton barely misses you.
Found a hunting sling.
As you read the scroll of fear, it crumbles to dust.
You assume a fearsome visage.
The shadow imp is unaffected.
The wyvern skeleton is unaffected.
The wyvern skeleton bites you.
You die...

###### #....######
###.......### ###
###..#....### #.## #
#..#######....#.....###..# #
#..............##.....##.#####
#..#####..##...####.......#...
..######..##)@..####.........#
.......>.....Z5..####.......##
..................####......#
...................###......##
.....................#..##...#
.......................###...#
.......................####...
........................####..
.........................###..


You could see a shadow imp and a wyvern skeleton.

Vanquished Creatures
  2 orcs (D:5)
2 creatures vanquished.

Notes
Turn   | Place    | Note
-------+----------+-------------------------------------------
     0 | D:5      | Reached skill level 9 in Stealth
     0 | D:5      | flotson the Gnoll Delver began the quest for the Orb.
     0 | D:5      | Reached XP level 1. HP: 23/23 MP: 1/1
   173 | D:5      | Slain by a wyvern skeleton

Illustrated notes

Levels and vault maps discovered:
D:5:      layout_layer_cave, kennysheep_mini_moat, ebering_ghost_gozag,
          grunt_ministairs_7, kennysheep_small_circle, uniq_edmund

Skill      XL: | |
---------------+-+-----
Stealth        | |  9.5
Fighting       | |  6.4
Short Blades   | |  0.1
Long Blades    | |  0.1
Axes           | |  0.1
Maces & Flails | |  0.1
Polearms       | |  4.4
Staves         | |  0.1
Slings         | |  0.1
Bows           | |  0.1
Crossbows      | |  0.1
Throwing       | |  0.1
Armour         | |  0.1
Dodging        | |  4.4
Shields        | |  0.1
Unarmed Combat | |  0.1
Spellcasting   | |  0.1
Conjurations   | |  0.1
Hexes          | |  0.1
Summonings     | |  0.1
Necromancy     | |  0.1
Translocations | |  0.1
Transmutations | |  0.1
Fire Magic     | |  0.1
Ice Magic      | |  0.1
Air Magic      | |  0.1
Earth Magic    | |  0.1
Poison Magic   | |  0.1
Invocations    | |  0.2
Evocations     | |  0.1

Action                   || total
-------------------------++-------
Melee: Spear             ||    22
       Bite              ||     1
Throw: Boomerang         ||     5
  Use: Scroll            ||     1
Armor: Leather armour    ||     3
Dodge: Dodged            ||    12

Table legend: (Time is in decaauts)
 A = Elapsed time spent in this place.
 B = Non-inter-level travel time spent in this place.
 C = Inter-level travel time spent in this place.
 D = Time resting spent in this place.
 E = Time spent auto-exploring this place.
 F = Levels seen in this place.
 G = Mean time per level.
                   A        B        C        D        E       F      G
               +--------+--------+--------+--------+--------+-----+--------+
         Total |    169 |    169 |      0 |      0 |    118 |   1 |  169.0 |
       Dungeon |    169 |    169 |      0 |      0 |    118 |   1 |  169.0 |
               +--------+--------+--------+--------+--------+-----+--------+

Top non-repeatable levels by time:
     D:5: 169 daAuts
